 Dungeon Crawl Stone Soup version 0.21.1-1-g345015f (webtiles) character file.

42684 diana the Severer (level 14, -2/127 HPs)
             Began as a Hill Orc Fighter on June 6, 2018.
             Was a High Priest of Qazlal.
             Slain by a spiny frog (8 damage)
             ... on level 6 of the Lair of Beasts.
             The game lasted 00:51:32 (17354 turns).

diana the Severer (Hill Orc Fighter)               Turns: 17354, Time: 00:51:32

Health: -2/127     AC: 19    Str: 21 (24) XL:     14   Next: 20%
Magic:  23/23      EV: 11    Int:  4 (5)  God:    Qazlal [*****.]
Gold:   644        SH: 20    Dex: 12 (13) Spells: 13/13 levels left

rFire    . . .     SeeInvis +   O - +3 hand axe
rCold    + . .     Gourm    .   c - +0 shield
rNeg     . . .     Faith    .   Q - +3 ring mail "Pofeocen" {rC+ Int-3 SInv}
rPois    .         Spirit   .   p - +1 helmet
rElec    .         Reflect  .   L - scarf {cloud immunity}
rCorr    .         Harm     .   C - +2 pair of gloves {Dex+3}
MR       ++...                  (no boots)
Stlth    +.........             r - amulet of regeneration
HPRegen  0.71/turn              q - +1 ring of evasion
MPRegen  0.18/turn              v - ring of protection from magic

@: protected from physical damage, repel missiles
A: no striking features
a: Upheaval, Elemental Force, Disaster Area, Renounce Religion


You were on level 6 of the Lair of Beasts.
You worshipped Qazlal.
Qazlal was extremely pleased with you.
You were hungry.

You visited 2 branches of the dungeon, and saw 19 of its levels.
You visited 1 bazaar.
You also visited: Volcano.

You collected 1334 gold pieces.
You spent 690 gold pieces at shops.

Inventory:

Hand Weapons
 O - a +3 hand axe (weapon)
Missiles
 S - 2 throwing nets (quivered)
Armour
 c - a +0 shield (worn)
 p - a +1 helmet (worn)
 C - a +2 pair of gloves of dexterity (worn)
 L - a scarf of cloud immunity (worn)
 Q - the +3 ring mail "Pofeocen" (worn) {rC+ Int-3 SInv}
   (You bought it in a shop on level 6 of the Dungeon)

   It affects your intelligence (-3).
   It protects you from cold.
   It lets you see invisible.
Jewellery
 i - an uncursed ring of ice
 q - a +1 ring of evasion (left hand)
 r - an amulet of regeneration (around neck)
 v - a ring of protection from magic (right hand)
 w - the ring "Feyllil" {+Blink MP+9 Dex+2 Stlth+, unknown}
   (You found it on level 5 of the Lair of Beasts)

   [ring of magical power]

   It affects your dexterity (+2).
   It affects your magic capacity (+9).
   It lets you blink.
   It makes you more stealthy.
Wands
 k - a wand of polymorph (23)
 s - a wand of flame (34)
 F - a wand of random effects (31)
 I - a wand of digging (7)
Scrolls
 d - 2 scrolls of brand weapon
 e - 6 scrolls of identify
 g - 5 scrolls of fear
 h - 5 scrolls of amnesia
 j - 3 scrolls of enchant weapon
 m - 9 scrolls of enchant armour
 x - 3 scrolls of remove curse
 E - 2 scrolls of fog
 M - a scroll of torment
Potions
 a - 2 potions of lignification
 b - a potion of degeneration
 t - 2 potions of berserk rage {unknown}
 z - 3 potions of brilliance {unknown}
 A - a potion of magic {unknown}
 B - 2 potions of cancellation
 J - a potion of flight {unknown}
 K - a potion of resistance {unknown}
 P - a potion of haste {unknown}
Books
 l - a book of Dreams

   Spells                             Type                      Level
   a - Ensorcelled Hibernation        Hexes/Ice                    2
   b - Borgnjor's Vile Clutch         Necromancy/Earth             5
   c - Silence                        Hexes/Air                    5
   d - Darkness                       Hexes                        6
   e - Shadow Creatures               Summoning                    6
 D - a book of Minor Magic

   Spells                             Type                      Level
   a - Magic Dart                     Conjuration                  1
   b - Blink                          Translocation                2
   c - Call Imp                       Summoning                    2
   d - Slow                           Hexes                        2
   e - Conjure Flame                  Conjuration/Fire             3
   f - Mephitic Cloud                 Conjuration/Poison/Air       3
 G - a book of Enchantments

   Spells                             Type                      Level
   a - Cause Fear                     Hexes                        4
   b - Yara's Violent Unravelling     Hexes/Transmutation          5
   c - Silence                        Hexes/Air                    5
   d - Deflect Missiles               Charms/Air                   6
   e - Discord                        Hexes                        8
 H - a book of Cantrips

   Spells                             Type                      Level
   a - Confusing Touch                Hexes                        1
   b - Animate Skeleton               Necromancy                   1
   c - Summon Small Mammal            Summoning                    1
   d - Apportation                    Translocation                1
 T - a book of Battle

   Spells                             Type                      Level
   a - Infusion                       Charms                       1
   b - Shroud of Golubria             Charms/Translocation         2
   c - Song of Slaying                Charms                       2
   d - Spectral Weapon                Hexes/Charms                 3
   e - Regeneration                   Charms/Necromancy            3
 V - a book of Power

   Spells                             Type                      Level
   a - Iskenderun's Battlesphere      Conjuration/Charms           5
   b - Venom Bolt                     Conjuration/Poison           5
   c - Bolt of Magma                  Conjuration/Fire/Earth       5
   d - Iron Shot                      Conjuration/Earth            6
   e - Orb of Destruction             Conjuration                  7
   f - Spellforged Servitor           Conjuration/Summoning        7
Miscellaneous
 o - a box of beasts
 U - a fan of gales
Comestibles
 f - 26 rations


   Skills:
 + Level 12.3 Fighting
 * Level 17.5 Axes
 + Level 11.4 Armour
 + Level 11.4 Shields
 + Level 12.0 Invocations


You had 13 spell levels left.
You didn't know any spells.

Dungeon Overview and Level Annotations

Branches:
Dungeon (13/15)            Temple (0/1) D:6            Lair (6/6) D:8
  Swamp (0/4) Lair:2        Snake (0/4) Lair:4        Slime (0/5) Lair:6
    Orc (0/2) D:10
 Vaults: D:13-14

Altars:
Cheibriados
Dithmenos
Elyvilon
Fedhas
Kikubaaqudgha
Nemelex Xobeh
Okawaru
Qazlal
Yredelemnul
The Shining One
Jiyva

Shops:
D:6 [

Annotations:
Lair:5 exclusion: 4 oklob plants


Message History

The six-headed hydra bites you but does no damage.
The six-headed hydra bites you.
* * * LOW HITPOINT WARNING * * *
You feel more protected from physical attacks.
The six-headed hydra bites you but does no damage.
The six-headed hydra bites you!
* * * LOW HITPOINT WARNING * * *
The six-headed hydra bites you.
* * * LOW HITPOINT WARNING * * *
It was a potion of degeneration.
There was something very wrong with that liquid.
You feel weakened.
You feel dopey.
You feel clumsy.
Your surroundings suddenly seem different.
A spiny frog comes into view.
The spiny frog croaks.
Found four items.
You slash the spiny frog!
The spiny frog is lightly wounded.
The spiny frog stings you!
You die...

..... .....#
......#
.......###
.........##
..........##
.....§§..§P#
......§@§##
.......F..#
......§§.##
.........#
..).......
..........#
#.......!##
##.P....##
.P..?..#


You could see a spiny frog.

Vanquished Creatures
  Harold (D:11)
  5 hydras
  A catoblepas (Lair:4)
  Erica (D:8)
  11 death yaks
  Sonja (Lair:4)
  A centaur zombie (D:10)
  A manticore (D:11)
  4 elephants
  A molten gargoyle (Volcano)
  7 black mambas
  A gargoyle (Volcano)
  12 spiny frogs
  5 komodo dragons
  A troll (D:9)
  2 hornets
  16 blink frogs
  The ghost of Iko the Shooter, an amateur DsAM of Makhleb (D:7)
  Prince Ribbit (D:8)
  6 hippogriffs
  A spriggan (D:10)
  A wraith (D:7)
  2 shadows
  A wyvern (D:8)
  13 yaks
  2 basilisks
  The ghost of diana the Ruffian, an amateur DrTm (D:4)
  3 humans
  2 fire elementals (Volcano)
  3 nagas (Lair:4)
  5 swamp worms (Lair:2)
  A soldier ant (D:9)
  12 water moccasins
  12 porcupines
  2 hell hounds (D:8)
  6 sky beasts
  2 ice beasts
  3 black bears
  5 orc warriors
  3 phantoms
  2 necrophages
  7 ogres
  12 wolves
  5 centaurs
  10 crocodiles
  An elf zombie (D:7)
  3 big kobolds
  17 bullfrogs
  3 scorpions
  9 wights
  4 electric eels
  4 howler monkeys
  A bullfrog zombie (D:6)
  5 crimson imps
  8 hounds
  3 quasits (D:6)
  An orc priest (D:11)
  4 human zombies (D:7)
  2 jellies
  7 orc wizards
  3 centaur skeletons
  A human skeleton (D:7)
  3 iguanas
  5 worker ants
  2 human simulacra (D:10)
  2 mummies (D:7)
  2 worker ant zombies
  Robin (D:3)
  4 gnolls (D:4)
  15 adders
  6 shadow imps
  2 oozes
  An adder zombie (D:6)
  An adder skeleton (D:5)
  2 worms
  2 dart slugs (D:2)
  5 leopard geckos
  27 orcs
  3 giant cockroaches
  2 gnoll zombies (D:4)
  27 goblins
  7 hobgoblins
  19 jackals
  8 quokkas
  A ball python (D:3)
  2 bats
  5 frilled lizards
  16 kobolds
  A leopard gecko skeleton (D:4)
  2 orc skeletons (D:7)
  A quokka skeleton (D:6)
  2 quokka zombies (D:5)
  3 rats (D:2)
  A fungus (Lair:5)
  A plant (Lair:1)
452 creatures vanquished.

Vanquished Creatures (others)
  3 yaks (D:10)
  A sky beast (D:10)
  A frilled lizard (D:4)
  6 fungi
  6 plants
17 creatures vanquished.

Grand Total: 469 creatures vanquished

Notes
Turn   | Place    | Note
-------+----------+-------------------------------------------
     0 | D:1      | diana the Hill Orc Fighter began the quest for the Orb.
     0 | D:1      | Reached XP level 1. HP: 19/19 MP: 1/1
   236 | D:1      | Reached skill level 3 in Axes
   571 | D:1      | Reached XP level 2. HP: 22/27 MP: 2/2
  1116 | D:2      | Reached XP level 3. HP: 33/33 MP: 3/3
  1170 | D:2      | Found a white marble altar of Elyvilon.
  1179 | D:2      | Reached skill level 4 in Axes
  1321 | D:2      | Reached XP level 4. HP: 14/40 MP: 4/4
  1512 | D:2      | Found a snail-covered altar of Cheibriados.
  2028 | D:3      | Found a blossoming altar of Fedhas.
  2058 | D:3      | Reached XP level 5. HP: 46/47 MP: 5/5
  2535 | D:3      | Noticed Robin
  2539 | D:3      | Reached skill level 5 in Axes
  2548 | D:3      | HP: 2/47 [Robin/whip (2)]
  2553 | D:3      | Killed Robin
  3276 | D:4      | Found a basalt altar of Yredelemnul.
  3353 | D:4      | Found an ancient bone altar of Kikubaaqudgha.
  3359 | D:4      | Noticed diana's ghost (amateur DrTm)
  3362 | D:4      | Reached XP level 6. HP: 53/53 MP: 6/6
  3373 | D:4      | Killed diana's ghost
  3373 | D:4      | Reached skill level 5 in Fighting
  3373 | D:4      | Reached skill level 6 in Axes
  3617 | D:4      | Found a stormy altar of Qazlal.
  3625 | D:4      | Became a worshipper of Qazlal Stormbringer
  3630 | D:4      | Reached XP level 7. HP: 58/61 MP: 7/7
  3735 | D:5      | Entered Level 5 of the Dungeon
  3763 | D:5      | Reached skill level 5 in Shields
  3775 | D:5      | Reached skill level 7 in Axes
  3775 | D:5      | Reached skill level 5 in Armour
  3953 | D:5      | Reached * piety under Qazlal
  4027 | D:5      | Reached XP level 8. HP: 70/70 MP: 8/8
  4114 | D:5      | Reached skill level 1 in Invocations
  4539 | D:6      | Reached skill level 8 in Axes
  4543 | D:6      | Got a ripped robe
  4554 | D:6      | Identified the +2 robe "Kaxeotoe" {MR- rCorr Str+3} (You found it on level 6 of the Dungeon)
  4582 | D:6      | Found Xirhad's Antique Armour Emporium.
  4770 | D:6      | Found a staircase to the Ecumenical Temple.
  5037 | D:6      | Found a glowing golden altar of the Shining One.
  5427 | D:7      | Reached ** piety under Qazlal
  5503 | D:7      | Reached skill level 9 in Axes
  5522 | D:7      | Reached XP level 9. HP: 59/78 MP: 8/11
  5600 | D:7      | Noticed Iko's ghost (amateur DsAM)
  5607 | D:7      | Killed Iko's ghost
  5641 | D:7      | Reached skill level 10 in Axes
  5886 | D:7      | Reached skill level 5 in Invocations
  5931 | D:7      | Found an ancient bone altar of Kikubaaqudgha.
  6028 | D:7      | Found an iron altar of Okawaru.
  6367 | D:6      | Bought a fine ring mail for 270 gold pieces
  6377 | D:6      | Identified the cursed +1 ring mail of Tisum {rN+ Int+6 SInv Stlth-} (You bought it in a shop on level 6 of the Dungeon)
  6441 | D:8      | Noticed Erica
  6465 | D:8      | Killed Erica
  6465 | D:8      | Reached skill level 11 in Axes
  6465 | D:8      | Reached XP level 10. HP: 33/88 MP: 14/14
  6647 | D:8      | Found a staircase to the Lair.
  6717 | D:8      | Reached *** piety under Qazlal
  6720 | D:8      | Noticed Prince Ribbit
  6939 | D:8      | Killed Prince Ribbit
  7410 | D:8      | Reached skill level 12 in Axes
  7481 | D:9      | Paralysed by a hornet for 1 turns
  7485 | D:9      | Paralysed by a hornet for 1 turns
  7487 | D:9      | Paralysed by a hornet for 1 turns
  7870 | D:9      | Reached XP level 11. HP: 68/97 MP: 16/16
  8106 | D:9      | Reached **** piety under Qazlal
  8113 | D:9      | Found a shadowy altar of Dithmenos.
  8331 | D:10     | Entered Level 10 of the Dungeon
  8374 | D:10     | Found a staircase to the Orcish Mines.
  8507 | D:10     | Reached skill level 13 in Axes
  9316 | D:11     | Noticed an eight-headed hydra
  9482 | D:6      | Bought a polished ring mail for 270 gold pieces
  9493 | D:6      | Identified the +3 ring mail "Pofeocen" {rC+ Int-3 SInv} (You bought it in a shop on level 6 of the Dungeon)
  9672 | D:11     | Noticed a manticore
  9682 | D:11     | Killed a manticore
  9692 | D:11     | Noticed Harold
  9730 | D:11     | Killed Harold
  9751 | D:11     | HP: 4/97 [11-headed hydra (12)]
 10116 | D:12     | Paralysed by a hornet for 2 turns
 10139 | D:12     | Reached ***** piety under Qazlal
 10239 | D:12     | Found a flickering gateway to a bazaar.
 10263 | Bazaar   | Entered a bazaar
 10263 | Bazaar   | Found Usid Fia's Antique Armour Emporium.
 10263 | Bazaar   | Found Ikesch's Book Shoppe.
 10263 | Bazaar   | Found Daecek's Armour Shoppe.
 10263 | Bazaar   | Found Wodghim's Book Emporium.
 10263 | Bazaar   | Found Vikloc's Armour Emporium.
 10263 | Bazaar   | Found Nievie's Magic Scroll Shoppe.
 10302 | Bazaar   | Bought a +2 pair of gloves of dexterity for 150 gold pieces
 11084 | Lair:1   | Entered Level 1 of the Lair of Beasts
 11195 | Lair:1   | Reached skill level 10 in Fighting
 11195 | Lair:1   | Reached skill level 14 in Axes
 11258 | Lair:1   | Reached XP level 12. HP: 64/106 MP: 18/18
 11861 | Lair:1   | Got a slimy scale mail
 11872 | Lair:1   | Identified the cursed +1 scale mail of Emuwkyru {Stlth+} (You found it on level 1 of the Lair of Beasts)
 12167 | Lair:2   | Reached skill level 15 in Axes
 12417 | Lair:2   | Reached skill level 10 in Shields
 12422 | Lair:2   | Reached skill level 10 in Armour
 12452 | Lair:2   | Reached skill level 10 in Invocations
 13014 | Lair:2   | Found a staircase to the Swamp.
 13694 | Lair:3   | Reached XP level 13. HP: 116/116 MP: 20/20
 14108 | Lair:4   | Noticed Sonja
 14109 | Lair:4   | Killed Sonja
 14119 | Lair:4   | Reached skill level 16 in Axes
 14478 | Lair:4   | Found a dark tunnel.
 14483 | Volcano  | Entered a volcano
 14994 | Lair:4   | Found a staircase to the Snake Pit.
 15771 | Lair:5   | Reached ****** piety under Qazlal
 15908 | Lair:5   | Reached skill level 17 in Axes
 16340 | Lair:5   | Reached XP level 14. HP: 112/126 MP: 22/22
 16514 | Lair:5   | Found a sparkling altar of Nemelex Xobeh.
 16922 | Lair:5   | Got a twitching golden ring
 17198 | Lair:6   | Entered Level 6 of the Lair of Beasts
 17225 | Lair:6   | Found a staircase to the Slime Pits.
 17225 | Lair:6   | Found a viscous altar of Jiyva.
 17351 | Lair:6   | HP: 4/127 [six-headed hydra (5)]
 17354 | Lair:6   | Slain by a spiny frog

Skill      XL: |  1  2  3  4  5  6  7  8  9 10 11 12 13 14 |
---------------+-------------------------------------------+-----
Axes           | 3 4 5 6 7 9 11 12 14 15 17 | 17.5
Fighting       | 4 5 6 8 9 10 11 12 | 12.3
Armour         | 4 5 6 7 8 9 10 11 | 11.4
Shields        | 4 5 6 7 8 9 10 11 | 11.4
Invocations    | 3 5 7 9 10 11 12 | 12.0

Action                   |  1- 3 |  4- 6 |  7- 9 | 10-12 | 13-15 || total
-------------------------+-------+-------+-------+-------+-------++-------
Melee: War axe           |    96 |   197 |   468 |   179 |       ||   940
       Battleaxe         |       |       |       |    47 |       ||    47
       Hand axe          |       |       |       |   693 |   357 ||  1050
Throw: Throwing net      |       |       |       |     1 |     1 ||     2
Invok: Upheaval          |       |       |     1 |       |     1 ||     2
       Elemental Force   |       |       |       |       |     1 ||     1
Evoke: Wand              |       |       |       |     2 |    35 ||    37
  Use: Potion            |       |     2 |     3 |     4 |     9 ||    18
       Scroll            |       |       |     6 |    13 |    10 ||    29
 Stab: Held in net/web   |       |       |       |     2 |     2 ||     4
       Petrifying        |       |       |       |       |     1 ||     1
  Eat: Chunk             |     1 |     7 |    10 |    24 |     2 ||    44
       Ration            |       |       |       |       |     3 ||     3
Armor: Scale mail        |    10 |       |       |       |       ||    10
       Ring mail         |    26 |    71 |    52 |   184 |   152 ||   485
       Skin              |       |     3 |       |       |       ||     3
       Robe              |       |       |    40 |       |       ||    40
Dodge: Dodged            |    37 |    75 |   119 |   199 |   110 ||   540
       Deflected         |       |       |       |     5 |     9 ||    14
Block: Shield            |    40 |   113 |   239 |   563 |   342 ||  1297
       Other             |       |       |       |     3 |       ||     3
